 Dungeon Crawl Stone Soup version 0.30-a0-964-gd452b5e7fa (webtiles) character file.

Game seed: 15815814132052180485

14 retardedninja the Covered (level 2, -1/26 HPs)
             Began as an Armataur Fighter on Mar 30, 2023.
             Succumbed to a kobold's poison
             ... on level 1 of the Dungeon.
             The game lasted 00:00:33 (206 turns).

retardedninja the Covered (Armataur Fighter)         Turns: 206, Time: 00:00:34

Health: -1/26      AC:  7    Str: 21    XL:     2   Next: 27%
Magic:  2/2        EV:  7    Int:  8    God:
Gold:   19         SH:  4    Dex:  9    Spells: 1/1 levels left

rFire   . . .      SeeInvis .    a - +0 long sword
rCold   . . .      Faith    .    c - +0 buckler
rNeg    . . .      Spirit   .    b - +0 scale mail
rPois   .          Reflect  .    (no helmet)
rElec   .          Roll     +    (no cloak)
rCorr   .                        (no gloves)
Will    .....                    (no barding) Stlth
                                 (no amulet)
HPRegen 0.24/turn                (no ring)
MPRegen 0.08/turn                (no ring)

@: lethally poisoned (-1 -> -8)
A: large, rugged brown scales 3, deformed body, armoured tail, roll, long
tongue, awkward tongue
a: no special abilities


You were on level 1 of the Dungeon.
You visited 1 branch of the dungeon, and saw 2 of its levels.

You collected 19 gold pieces.

Inventory:

Hand Weapons
 a - a +0 long sword (weapon)
Armour
 b - a +0 scale mail (worn)
 c - a +0 buckler (worn)
Scrolls
 e - a scroll of identify {unknown}
 f - a scroll of magic mapping {unknown}
Potions
 d - a potion of might


   Skills:
 + Level 2.8 Fighting
 * Level 2.1 Long Blades
 + Level 3.8 Armour
 + Level 3.4 Shields


You had one spell level left.
You didn't know any spells.
Your spell library was empty.

Dungeon Overview and Level Annotations

Branches:
Dungeon (2/15)

Altars:


Innate Abilities, Weirdness & Mutations

You are completely covered in rugged brown scales. (AC +3, +7% HP)
Armour fits poorly on your strangely shaped body.
You have a long armoured tail.
You roll when moving toward enemies. (Rampage)
Your long tongue fully drains potion bottles. (2x potion effects)
Your tongue gives you trouble enunciating. (1.5x scroll delay)


Message History

There is a stone staircase leading down here.
A kobold comes into view. It is wielding a +2 whip of venom.
The kobold shouts!
A kobold is nearby!
A kobold is nearby!
A kobold is nearby!
You roll towards the kobold!
A goblin comes into view. It is wielding a +0 club.
You closely miss the kobold.
The goblin shouts!
The kobold hits you but does no damage.
You are poisoned.
You hit the kobold.
The kobold is severely wounded.
You feel sick.
The kobold hits you with a +2 whip of venom.
You are more poisoned.
You closely miss the kobold.
The kobold is severely wounded.
You feel very sick. The goblin hits you with a +0 club.
The kobold hits you with a +2 whip of venom.
You are lethally poisoned!
You block the goblin's attack. You block the kobold's attack.
You hit the kobold.
You kill the kobold!
You feel very sick. You block the goblin's attack.
Okay, then.
You hit the goblin but do no damage.
* * * LOW HITPOINT WARNING * * *
You feel very sick. The goblin hits you with a +0 club.
* * * LOW HITPOINT WARNING * * *
You barely miss the goblin.
* * * LOW HITPOINT WARNING * * *
You feel sick. The goblin barely misses you.
The goblin hits you but does no damage.
You miss the goblin.
You die...

####.#### #.#
#.......# #####.###
#.......# #.......#
#.......# ###.......#
#.......# #.........#
#.......#
#.......###.).....#
#.........#@......#
#.#####.###..g.##....
#..).....>.###.# #
######.##.## .#
#.##.# .. #.##.# .##
#.##.# .# #..... .#
######


You could see a goblin.

Vanquished Creatures
  A dart slug (D:1)
  A ball python (D:1)
  3 bats (D:1)
  An endoplasm (D:1)
  2 goblins (D:1)
  A frilled lizard (D:2)
  2 kobolds (D:1)
11 creatures vanquished.

Notes
Turn   | Place    | Note
-------+----------+-------------------------------------------
     0 | D:1      | retardedninja the Armataur Fighter began the quest for the
                  | Orb.
     0 | D:1      | Reached XP level 1. HP: 19/19 MP: 1/1
    97 | D:1      | Reached XP level 2. HP: 26/26 MP: 2/2
   157 | D:1      | You fall into a shaft and drop 1 floor!
   206 | D:1      | Succumbed to a kobold's poison

Illustrated notes

Levels and vault maps discovered:
D:1:      scummos_arrival_hexagon, layout_loops_cross,
          hangedman_abyss_or_decor_lesser_grid, minmay_strange_pillars,
          minmay_crystal_room
D:2:      layout_basic, serial_glass, glass_columns_a, glass_columns_a,
          glass_columns_b, minmay_strange_pillars, item_on_display_a,
          due_unseen_surprise, item_on_display_a,
          dreamdust_ecumenical_altar_grove, hangedman_feature_mirror,
          nicolae_shop_vocational, uniq_robin

Skill      XL: |  1 |
---------------+----+-----
Long Blades    | 2 |  2.1
Fighting       | |  2.8
Armour         | |  3.8
Shields        | |  3.4

Action                     || total
---------------------------++-------
  Melee: Long sword        ||    32
         Tailslap          ||     2
 Armour: Scale mail        ||    20
  Dodge: Dodged            ||     9
  Block: Buckler           ||    11

Table legend: (Time is in decaauts)
 A = Elapsed time spent in this place.
 B = Non-inter-level travel time spent in this place.
 C = Inter-level travel time spent in this place.
 D = Time resting spent in this place.
 E = Time spent auto-exploring this place.
 F = Levels seen in this place.
 G = Mean time per level.
                   A        B        C        D        E       F      G
               +--------+--------+--------+--------+--------+-----+--------+
         Total |    216 |    216 |      0 |      0 |    138 |   2 |  108.0 |
       Dungeon |    216 |    216 |      0 |      0 |    138 |   2 |  108.0 |
               +--------+--------+--------+--------+--------+-----+--------+

Top non-repeatable levels by time:
     D:1: 191 daAuts
     D:2: 25 daAuts
